 Dungeon Crawl Stone Soup version 0.18.1-5-g4a78601 (webtiles) character file.

26 Implojin the Insei (level 2, -13/24 HPs)
             Began as a Mummy Monk on May 14, 2016.
             Killed by dispel undead
             ... invoked by a revenant
              (37 damage)
             ... on level 1 of the Abyss.
             The game lasted 00:02:22 (1187 turns).

Implojin the Insei (Mummy Monk)                     Turns: 1187, Time: 00:02:23

Health: -13/24     AC:  0    Str: 14    XL:     2   Next: 89%
Magic:  11/11      EV: 13    Int:  9    God:
Gold:   34         SH:  0    Dex: 14    Spells: 0 memorised, 1 level left

rFire  x . .     SeeInvis .       - Unarmed
rCold  + . .     Gourm    .     (no armour)
rNeg   + + +     Faith    .     (no shield)
rPois  ∞         Spirit   .     (no helmet)
rElec  .         Dismiss  .     (no cloak)
rCorr  .         Reflect  .     (no gloves)
SustAt .         Harm     .     (no boots)
MR     .....                    (no amulet)
Stlth  ++........               (no ring)
                                c - ring of magical power

@: not resistant to hostile enchantments, unstealthy
A: no food or potions, fire vulnerability, cold resistance 1, negative energy
resistance 3, torment resistance, unbreathing
a: no special abilities


You were on level 1 of the Abyss.
You were not hungry.

You visited 1 branch of the dungeon, and saw 1 of its levels.
You visited the Abyss 1 time.

You collected 34 gold pieces.

Inventory:

Armour
 f - a mottled dragon hide
Jewellery
 c - a ring of magical power (left hand)
Scrolls
 a - a scroll of enchant armour {unknown}
 b - a scroll of amnesia {unknown}
 d - a scroll of noise {unknown}
 e - a scroll of teleportation {unknown}


   Skills:
 - Level 3.0 Fighting
 - Level 2.4 Dodging
 - Level 1.5 Stealth
 * Level 4.0 Unarmed Combat


You had one spell level left.
You didn't know any spells.

Dungeon Overview and Level Annotations

Branches:
Dungeon (1/15)

Altars:


Innate Abilities, Weirdness & Mutations

You do not eat or drink.
Your flesh is vulnerable to fire.
You are immune to poison.
Your flesh is cold resistant.
You are immune to negative energy.
You are immune to unholy pain and torment.
You can survive without breathing.


Message History

The rat barely misses you.
You hit the rat but do no damage. The rat closely misses you.
You hit the rat.
You kill the rat!
You open the door.
There is an open door here.
Found a fizzy inky potion.
You open the door. You open the door.
There is an open door here.
There is an open door here.
There is a stone staircase leading down here.
A goblin comes into view.
It is wielding a short sword of distortion.
The goblin shouts!
The goblin hits you with a short sword of distortion.
You are cast into the Abyss!
To return, you must find a gate leading back.
Killing monsters will force the Abyss to allow you passage.
This branch contains the abyssal rune of Zot.
Found a mottled dragon hide.
Found a mace.
You see here a mottled dragon hide.
f - a mottled dragon hide
Found a falchion.
Found 27 gold pieces.
Found a morningstar.
You now have 34 gold pieces (gained 27).
A guardian serpent comes into view.
Unknown command.
A small abomination comes into view.
There is an open door here.
You close the door.
A revenant comes into view.
The revenant shouts!
A large abomination comes into view.
The large abomination moves out of view.
The revenant gestures violently at you.
You convulse!
Ouch! That really hurt!
You die...

#.## # #... #.#.
...# ... #..#
.####.########..###
..................
######.##.##X##.###
# ...#. #. #..L.@.#
#.. .#.##.##..###.#
....+#.............
# ...#.##.##....
.##.. .
.###..#.####.....
..# .### ##.# ..#..
.. ##. ...## .....#
. .### #### ######
. #..#


You could see a revenant and a large abomination.

Vanquished Creatures
  An ooze (D:1)
  A giant gecko (D:1)
  A giant cockroach (D:1)
  3 hobgoblins (D:1)
  2 bats (D:1)
  3 goblins (D:1)
  4 kobolds (D:1)
  5 rats (D:1)
20 creatures vanquished.

Notes
Turn   | Place    | Note
--------------------------------------------------------------
     0 | D:1      | Implojin the Mummy Monk began the quest for the Orb.
     0 | D:1      | Reached XP level 1. HP: 18/18 MP: 1/1
   187 | D:1      | Reached XP level 2. HP: 22/24 MP: 2/2
   445 | D:1      | Reached skill level 4 in Unarmed Combat
  1082 | D:1      | Cast into level 1 of the Abyss (goblin)
  1126 | Abyss:1  | Noticed a guardian serpent
  1150 | Abyss:1  | Noticed a small abomination
  1175 | Abyss:1  | Noticed a revenant
  1178 | Abyss:1  | Noticed a large abomination
  1187 | Abyss:1  | Killed from afar by a revenant

Skill      XL: |  1  2 |
---------------+-------+-----
Unarmed Combat | 4 |  4.0
Fighting       | |  3.0
Dodging        | |  2.4
Stealth        | |  1.5

Action                   || total
-------------------------++-------
Melee: Unarmed           ||    65
 Stab: Sleeping          ||     1
Dodge: Dodged            ||    36

Table legend:
 A = Turns spent in this place as a percentage of turns spent in the entire game.
 B = Non-inter-level travel turns spent in this place as a percentage of non-inter-level travel turns spent in the entire game.
 C = Inter-level travel turns spent in this place as a percentage of turns spent in this place.
 D = Turns resting spent in this place as a percentage of non-inter-level travel turns spent in this place.
 E = Turns spent auto-exploring this place as a percentage of non-inter-level travel turns spent in this place.
 F = Non-inter-level travel turns spent in this place divided by the number of levels of this place that you've seen.
                   A       B       C       D       E      F
               +-------+-------+-------+-------+-------+----------------------
         Total | 100.0 | 100.0 |   0.0 |   3.6 |   5.8 | 164.5
       Dungeon |  67.5 |  67.5 |   0.0 |   5.4 |   8.6 | 222.0
         Abyss |  32.5 |  32.5 |   0.0 |   0.0 |   0.0 | 107.0
               +-------+-------+-------+-------+-------+----------------------

Table legend:
 A = Kills in this place as a percentage of kills in entire the game.
 B = Kills by you in this place as a percentage of kills by you in the entire game.
 C = Kills by friends in this place as a percentage of kills by friends in the entire game.
 D = Other kills in this place as a percentage of other kills in the entire game.
 E = Experience gained in this place as a percentage of experience gained in the entire game.
 F = Experience gained in this place divided by the number of levels of this place that you have seen.
                   A       B       C       D       E      F
               +-------+-------+-------+-------+-------+----------------------
         Total | 100.0 | 100.0 |  -nan |  -nan | 100.0 |  19.0
       Dungeon | 100.0 | 100.0 |  -nan |  -nan | 100.0 |  38.0
               +-------+-------+-------+-------+-------+----------------------
